[Event "World Team-ch Women 2017"]
[Site "Khanty-Mansyisk"]
[Date "2017.06.18"]
[Round "2"]
[White "Batsiashvili, Nino"]
[Black "Kulon, Klaudia"]
[Result "1/2-1/2"]
[ECO "D37"]
[WhiteElo "2468"]
[BlackElo "2381"]
[Annotator "ChessBase"]
[PlyCount "47"]
[EventDate "2017.??.??"]
[EventType "team-tourn"]
[EventCountry "RUS"]
[SourceTitle "playchess.com"]
[Source "ChessBase"]
[SourceQuality "1"]
[WhiteTeam "GEO"]
[BlackTeam "POL"]
[WhiteTeamCountry "GEO"]
[BlackTeamCountry "POL"]
[TimeControl "40/5400+30:1800+30"]

1. d4 Nf6 2. c4 e6 3. Nf3 d5 4. Nc3 dxc4 5. e4 Bb4 6. Bg5 c5 7. Bxc4 cxd4 8. Nxd4 Bxc3+ 9. bxc3 Qa5 10. Bxf6 Qxc3+ 11. Kf1 gxf6 12. Rc1 Qa5 13. Bb5+ Ke7 14. e5 fxe5 15. Qh5 Nd7 16. Qg5+ Kf8 17. Rxc8+ Rxc8 18. Bxd7 Qd8 19. Nxe6+ fxe6 20. Qh6+ Kf7 21. Qxe6+ Kf8 22. Qh6+ Kf7 23. Qe6+ Kf8 24. Qh6+ 1/2-1/2